 Dungeon Crawl Stone Soup version 0.31.0-1-g2c135a0 (webtiles) character file.

Game seed: 18193510971947218214

14835 bonscott the Thaumaturge (level 12, -3/83 HPs)
             Began as a Djinni Conjurer on Feb 29, 2024.
             Was a High Priest of Makhleb.
             Splashed by a jelly's acid (5 damage)
             ... on level 4 of the Lair of Beasts.
             The game lasted 01:05:26 (7598 turns).

bonscott the Thaumaturge (Djinni Conjurer)          Turns: 7598, Time: 01:05:28

Health: -3/83      AC:  6    Str: 10    XL:     12   Next: 50%
Gold:   638        EV: 16    Int: 20    God:    Makhleb [*****.] SH:  0 Dex: 13

rFire   + + .        i - staff of air
rCold   x . .        (no shield)
rNeg    . . .        s - +2 robe {Will+}
rPois   ∞            g - +0 helmet
rElec   +            j - +0 cloak
rCorr   +            (no gloves)
SInv    .            (boots unavailable)
Will    ++...        (no amulet)
Stlth   ++           e - ring of resist corrosion
HPRegen 0.33/turn    (no ring)
MPRegen 0.00/turn

%: infuse magic (-4 HP)
@: flying
A: sickness immunity, fire resistance 2, cold vulnerability 1, float, innate
caster, HP casting, extra vitality 1
a: Renounce Religion, Minor Destruction, Lesser Servant of Makhleb, Major
Destruction, Greater Servant of Makhleb


You were on level 4 of the Lair of Beasts.
You worshipped Makhleb.
Makhleb was extremely pleased with you.
You visited 3 branches of the dungeon, and saw 14 of its levels.

You collected 638 gold pieces.

Inventory:

Hand Weapons
 f - a +4 dagger
 p - a +2 dagger of protection
 q - a +1 dire flail of draining
 x - a +4 spear
 B - a +5 long sword
 C - a +4 long sword of freezing
 I - a +1 short sword of freezing
Missiles
 h - 38 boomerangs
 l - 21 poisoned darts
 t - 7 curare-tipped darts
Armour
 g - a +0 helmet (worn)
 j - a +0 cloak (worn)
 s - a +2 robe of willpower (worn)
Magical Staves
 c - a staff of earth
 i - a staff of air (weapon)
 m - a staff of death
Jewellery
 e - a ring of resist corrosion (left hand)
 D - a ring of protection from fire
Wands
 A - a wand of light (5)
Scrolls
 a - a scroll of noise
 b - a scroll of enchant weapon {unknown}
 k - a scroll of poison
 n - 2 scrolls of revelation
 w - a scroll of teleportation
 y - a scroll of fear {unknown}
 E - 2 scrolls of summoning {unknown}
 G - a scroll of immolation {unknown}
 H - a scroll of vulnerability {unknown}
 J - a scroll of brand weapon {unknown}
 K - a scroll of identify
 L - a scroll of torment {unknown}
 M - 2 scrolls of blinking {unknown}
Potions
 d - 3 potions of curing
 o - 2 potions of enlightenment
 r - a potion of invisibility
 u - a potion of lignification
 v - a potion of mutation
 z - a potion of resistance
 F - a potion of might {unknown}


   Skills:
 - Level 6.0 Fighting
 - Level 6.0 Throwing
 - Level 4.0 Armour
 + Level 10.4 Dodging
 - Level 1.5 Stealth
 - Level 11.0 Spellcasting
 - Level 11.0 Conjurations
 - Level 11.0 Hexes
 - Level 11.0 Summonings
 - Level 11.0 Necromancy
 - Level 11.0 Translocations
 - Level 11.0 Fire Magic
 - Level 11.0 Ice Magic
 - Level 11.0 Air Magic
 - Level 11.0 Earth Magic
 - Level 11.0 Alchemy
 - Level 4.0 Evocations


You knew the following spells:

 Your Spells              Type           Power      Damage    Failure   Level
a - Airstrike             Air            35%        2d(5-21)  1%          4
b - Sandblast             Erth           100%       2d20      1%          1
c - Jinxbite              Hex            100%       N/A       1%          2
d - Magic Dart            Conj           100%       1d8       1%          1
f - Fulminant Prism       Conj/Alch      26%        3d14      1%          4
j - Arcjolt               Conj/Air       35%        1d45      1%          5
m - Iskenderun's Mystic   Conj/Tloc      53%        2d11      1%          4
q - Blink                 Tloc           100%       N/A       1%          2
r - Searing Ray           Conj           100%       2d8       1%          2
Your spell library was empty.

Dungeon Overview and Level Annotations

Branches:
Dungeon (8/15)             Temple (1/1) D:5            Lair (5/5) D:8
  Swamp: Lair:2-3    Shoals: Lair:2-3     Snake: Lair:2-3    Spider: Lair:2-3
  Slime: Lair:4-5

Altars:
Ashenzari
Cheibriados
Dithmenos
Elyvilon
Fedhas
Gozag
Hepliaklqana
Makhleb
Nemelex Xobeh
Okawaru
Qazlal
Ru
Trog
Uskayaw
Wu Jian
Xom
Yredelemnul
Zin
The Shining One

Shops:
D:7 (


Innate Abilities, Weirdness & Mutations

You are immune to sickness and miasma.
You are immune to poison.
Your flesh is very heat resistant. (rF++)
You are vulnerable to cold. (rC-)
You float through the air rather than walking.
You learn spells naturally, not from books.
Your magical power is your life essence.
You have superior vitality. (+4 MHP)


Message History

You erupt in a blast of force!
The mystic blast hits the jelly!
The jelly is heavily wounded.
The jelly is knocked back by the mystic blast.
The mystic blast hits the death yak.
The death yak is almost dead.
The death yak is knocked back by the mystic blast.
The mystic blast hits the death yak!!
The death yak is almost dead.
* * * LOW HITPOINT WARNING * * *
You hear a roar!
The death yak gores you!
* * * LOW HITPOINT WARNING * * *
Unknown command.
Okay, then.
Unknown command.
Okay, then.
Casting: Iskenderun's Mystic Blast (mildly dangerous; 1% risk of failure)
Confirm with . or Enter, or press ? or * to list all spells.
Okay, then.
Casting: Iskenderun's Mystic Blast (mildly dangerous; 1% risk of failure)
Confirm with . or Enter, or press ? or * to list all spells.
You blink.
A six-headed hydra comes into view.
* * * LOW HITPOINT WARNING * * *
The death yak misses you.
Unknown command.
Okay, then.
Okay, then.
The death yak attacks as it pursues you!
The death yak closely misses you.
The death yak attacks as it pursues you!
The death yak barely misses you.
Found a stone staircase leading up.
You feel ready to blink again. The blink frog hits you!
* * * LOW HITPOINT WARNING * * *
The jelly attacks as it pursues you! The jelly hits you.
* * * LOW HITPOINT WARNING * * *
You are splashed with acid.
You resist.
You die...

#####.##.................~..
#...###..†..........†....#.#
##...###..††...........#..#
.#....##.††.†.....##........
........#†.†..#....#.........
##.#..........Y...##.........
##..##.##.†....Y....#.>.###..
##...##..†..#DYJ.....### #
#####.......##@F...... ##
.#..#.###...#.......
P#..##.#.......#.....###
................ .......
#####............#......
⌠.#..... ⌠.⌠.. ......
........ .... ...... <.....#
.<.. ...... ......#


You could see 3 death yaks, a six-headed hydra, a blink frog and a jelly.

Vanquished Creatures
  A hydra (Lair:3)
  A death yak (Lair:4)
  An elephant (D:8)
  5 cane toads
  3 komodo dragons
  A torpor snail (Lair:4)
  A rime drake (Lair:1)
  Grinder (D:3)
  3 polar bears
  2 blink frogs (Lair:4)
  5 dream sheep (Lair:4)
  Sigmund (D:4)
  A wyvern (D:8)
  12 yaks (Lair:4)
  A wraith (D:7)
  A hog (Lair:4)
  7 water moccasins
  Duvessa (D:6)
  An ogre (D:4)
  An orc warrior (D:7)
  4 black bears
  2 centaurs
  12 wolves
  7 phantoms
  9 bullfrogs
  3 kobold brigands
  8 scorpions
  11 wights
  Dowan (D:6)
  A killer bee (D:8)
  2 howler monkeys
  2 centaur zombies (D:7)
  2 jellies
  3 bombardier beetles
  2 orc priests
  3 hounds
  6 sleepcaps
  3 iguanas
  2 orc wizards
  2 scorpion zombies (D:7)
  2 hell rats (Lair:1)
  5 killer bee zombies (D:7)
  Robin (D:4)
  7 gnolls
  6 adders
  4 river rats (Lair:1)
  9 shadow imps (D:7)
  A white imp (D:8)
  4 ribbon worms
  23 orcs
  4 ball pythons
  5 endoplasms
  A giant cockroach (D:3)
  20 goblins
  3 hobgoblins
  4 jackals (D:3)
  11 kobolds
  5 quokkas
  2 bats
  2 frilled lizards (D:2)
  8 rats
  A fulminant prism (D:7)
263 creatures vanquished.

Vanquished Creatures (others)
  59 fulminant prisms
59 creatures vanquished.

Grand Total: 322 creatures vanquished

Notes
Turn   | Place    | Note
-------+----------+-------------------------------------------
     0 | D:1      | bonscott the Djinni Conjurer began the quest for the Orb.
     0 | D:1      | bonscott set off with the following spells memorised: Magic
                  | Dart, Searing Ray, Fulminant Prism, Iskenderun's Mystic
                  | Blast.
     0 | D:1      | Reached XP level 1. HP: 15/15 MP: 0/0
   282 | D:1      | Reached XP level 2. HP: 19/21 MP: 0/0
   421 | D:1      | Reached XP level 3. HP: 24/25 MP: 0/0
   421 | D:1      | Learned a level 1 spell: Sandblast
   586 | D:2      | Found an ornate altar of the Wu Jian Council.
   742 | D:2      | Reached XP level 4. HP: 28/31 MP: 0/0
   970 | D:2      | Found a faded altar of an unknown god.
  1128 | D:3      | You are sucked into a shaft and drop 2 floors!
  1128 | D:5      | Entered Level 5 of the Dungeon
  1129 | D:5      | Noticed a scorpion
  1132 | D:5      | Killed a scorpion
  1133 | D:5      | Reached skill level 5 in Spellcasting
  1133 | D:5      | Reached skill level 5 in Conjurations
  1133 | D:5      | Reached skill level 5 in Hexes
  1133 | D:5      | Reached skill level 5 in Summonings
  1133 | D:5      | Reached skill level 5 in Necromancy
  1133 | D:5      | Reached skill level 5 in Translocations
  1133 | D:5      | Reached skill level 5 in Fire Magic
  1133 | D:5      | Reached skill level 5 in Ice Magic
  1133 | D:5      | Reached skill level 5 in Air Magic
  1133 | D:5      | Reached skill level 5 in Earth Magic
  1133 | D:5      | Reached skill level 5 in Alchemy
  1133 | D:5      | Reached XP level 5. HP: 32/35 MP: 0/0
  1133 | D:5      | Learned a level 2 spell: Blink
  1143 | D:4      | Noticed an ogre
  1187 | D:4      | Killed an ogre
  1188 | D:4      | Reached XP level 6. HP: 25/40 MP: 0/0
  1189 | D:4      | Noticed Robin
  1245 | D:4      | Killed Robin
  1531 | D:3      | Noticed Grinder
  1543 | D:3      | Killed Grinder
  1544 | D:3      | Reached skill level 1 in Armour
  1544 | D:3      | Reached XP level 7. HP: 18/50 MP: 0/0
  1544 | D:3      | Learned a level 2 spell: Jinxbite
  1976 | D:4      | Found a glowing golden altar of the Shining One.
  1976 | D:4      | Found a basalt altar of Yredelemnul.
  1980 | D:4      | Noticed an angel
  1988 | D:4      | Noticed a profane servitor
  2059 | D:4      | Noticed Sigmund
  2066 | D:4      | Killed Sigmund
  2067 | D:4      | Reached XP level 8. HP: 48/56 MP: 0/0
  2227 | D:5      | Found a hide-covered altar of Uskayaw.
  2234 | D:5      | Found a shadowy altar of Dithmenos.
  2236 | D:5      | Found a stormy altar of Qazlal.
  2236 | D:5      | Found an ornate altar of the Wu Jian Council.
  2325 | D:5      | Found a staircase to the Ecumenical Temple.
  2345 | Temple   | Entered the Ecumenical Temple
  2360 | Temple   | Became a worshipper of Makhleb the Destroyer
  2698 | D:6      | Noticed Duvessa
  2698 | D:6      | Noticed Dowan
  2707 | D:6      | Killed Dowan
  2709 | D:6      | Killed Duvessa
  2876 | D:6      | Reached skill level 1 in Evocations
  3207 | D:6      | Reached * piety under Makhleb
  3213 | D:6      | Reached XP level 9. HP: 45/62 MP: 0/0
  3213 | D:6      | Learned a level 4 spell: Airstrike
  3280 | D:6      | Reached skill level 1 in Throwing
  3396 | D:7      | Found Eloak's Weapon Shop.
  3916 | D:7      | Reached ** piety under Makhleb
  4114 | D:7      | Reached XP level 10. HP: 31/67 MP: 0/0
  5270 | D:8      | Reached skill level 10 in Spellcasting
  5270 | D:8      | Reached skill level 10 in Conjurations
  5270 | D:8      | Reached skill level 10 in Hexes
  5270 | D:8      | Reached skill level 10 in Summonings
  5270 | D:8      | Reached skill level 10 in Necromancy
  5270 | D:8      | Reached skill level 10 in Translocations
  5270 | D:8      | Reached skill level 10 in Fire Magic
  5270 | D:8      | Reached skill level 10 in Ice Magic
  5270 | D:8      | Reached skill level 10 in Air Magic
  5270 | D:8      | Reached skill level 10 in Earth Magic
  5270 | D:8      | Reached skill level 10 in Alchemy
  5451 | D:8      | Reached *** piety under Makhleb
  5460 | D:8      | Reached skill level 5 in Fighting
  5855 | D:8      | Noticed a komodo dragon
  5858 | D:8      | Noticed a komodo dragon
  5861 | D:8      | Killed a komodo dragon
  5901 | D:8      | Killed a komodo dragon
  5902 | D:8      | Reached XP level 11. HP: 43/76 MP: 0/0
  5902 | D:8      | Learned a level 5 spell: Arcjolt
  6074 | D:8      | Noticed an elephant
  6093 | D:8      | Killed an elephant
  6094 | D:8      | Reached skill level 5 in Throwing
  6207 | D:8      | Found a staircase to the Lair.
  6443 | Lair:1   | Entered Level 1 of the Lair of Beasts
  6827 | Lair:2   | Noticed a skyshark
  6899 | Lair:3   | Noticed a seven-headed hydra
  6946 | Lair:3   | Killed a seven-headed hydra
  6982 | Lair:3   | Reached **** piety under Makhleb
  7202 | Lair:4   | Reached skill level 5 in Dodging
  7339 | Lair:5   | Entered Level 5 of the Lair of Beasts
  7350 | Lair:5   | Reached XP level 12. HP: 60/83 MP: 0/0
  7564 | Lair:4   | Reached skill level 10 in Dodging
  7565 | Lair:4   | Noticed a death yak
  7566 | Lair:4   | Noticed a death yak
  7571 | Lair:4   | Noticed a death yak
  7579 | Lair:4   | Noticed a death yak
  7585 | Lair:4   | Killed a death yak
  7590 | Lair:4   | Reached ***** piety under Makhleb
  7595 | Lair:4   | Noticed a six-headed hydra
  7598 | Lair:4   | HP: 3/83 [blink frog (9)]
  7598 | Lair:4   | Splashed by a jelly's acid

Illustrated notes

Levels and vault maps discovered:
D:1:      kennysheep_arrival_forest, layout_basic
D:2:      layout_rooms, shapermc_ecumenical_altar_starsandcircs, basic_altar
D:3:      layout_basic, uniq_grinder
D:4:      layout_rooms, grunt_temple_overflow_holy_war, uniq_sigmund, uniq_robin
D:5:      layout_cave_pools, grunt_temple_overflow_open,
          minmay_temple_entry_offerings, supply_closet_lemuel,
          nicolae_underground_beach
D:6:      layout_loops_ring, uniq_duvessa
D:7:      bobbens_index_wilting_gardens, layout_basic,
          lightli_bailey_entry_fortress, serial_shops, nicolae_shop_trees,
          st_stairs_3
D:8:      layout_loops_ring, grunt_lair_entry_orc_guard_hut, st_stairs_12,
          chequers_serial_rivers_micro_d, dk_noncrumbling_3
Temple:   nicolae_temple_bog_church
Lair:1:   layout_cave_pods, kennysheep_abandoned_house
Lair:2:   layout_regular_city, minmay_snake_entry_guardpost_small,
          grunt_megastairs_1, lemuel_fruit_tree
Lair:3:   layout_gridlike, minmay_shoals_entry_centaurs, grunt_megastairs_3,
          lemuel_fruit_fields, uniq_kirke
Lair:4:   layout_misc_corridors, minmay_slime_entry_jelly_boxes, special_room
          [special_room_mythical_zoo], grunt_megastairs_2,
          infiniplex_staircase_pool_2
Lair:5:   gammafunk_lair_ancient_temple, layout_loops_ring

Skill      XL: |  1  2  3  4  5  6  7  8  9 10 11 12 |
---------------+-------------------------------------+-----
Spellcasting   | 4 5 6 7 8 10 11 | 11.0
Conjurations   | 4 5 6 7 8 10 11 | 11.0
Hexes          | 4 5 6 7 8 10 11 | 11.0
Summonings     | 4 5 6 7 8 10 11 | 11.0
Necromancy     | 4 5 6 7 8 10 11 | 11.0
Translocations | 4 5 6 7 8 10 11 | 11.0
Fire Magic     | 4 5 6 7 8 10 11 | 11.0
Ice Magic      | 4 5 6 7 8 10 11 | 11.0
Air Magic      | 4 5 6 7 8 10 11 | 11.0
Earth Magic    | 4 5 6 7 8 10 11 | 11.0
Alchemy        | 4 5 6 7 8 10 11 | 11.0
Fighting       | 3 4 6 |  6.0
Armour         | 1 4 |  4.0
Evocations     | 3 4 |  4.0
Throwing       | 4 6 |  6.0
Dodging        | 6 10 | 10.4
Stealth        | |  1.5

Action                     |  1- 3 |  4- 6 |  7- 9 | 10-12 || total
---------------------------+-------+-------+-------+-------++-------
  Melee: Dagger            |       |     1 |       |       ||     1
         Staff             |       |       |       |     3 ||     3
  Throw: Boomerang         |       |       |     9 |     5 ||    14
   Cast: Magic Dart        |    53 |    22 |    93 |    13 ||   181
         Searing Ray       |       |    18 |    33 |     6 ||    57
         Iskenderun's Myst |       |     1 |    38 |   109 ||   148
         Fulminant Prism   |       |       |    36 |    24 ||    60
         Airstrike         |       |       |     8 |   105 ||   113
         Blink             |       |       |       |     1 ||     1
  Evoke: Wand              |       |       |       |     3 ||     3
    Use: Scroll            |       |     4 |     4 |     5 ||    13
 Armour: Robe              |     7 |     7 |     9 |    15 ||    38
  Dodge: Dodged            |    10 |     8 |    14 |    22 ||    54
